 Dungeon Crawl Stone Soup version 0.31-a0-925-g0a390f2509 (webtiles) character file.

Game seed: 8713368974204097600

2158 sokol815 the Covert (level 9, -2/59 HPs)
             Began as an Octopode Brigand on Oct 18, 2023.
             Was an Initiate of Gozag.
             Slain by an unseen horror (11 damage)
             ... on level 11 of the Dungeon.
             The game lasted 00:25:53 (7520 turns).

sokol815 the Covert (Octopode Brigand)              Turns: 7520, Time: 00:25:54

Health: -2/59      AC:  1    Str: 11    XL:     9   Next: 31%
Magic:  12/12      EV: 14    Int: 15    God:    Gozag
Gold:   484        SH:  0    Dex: 15    Spells: 12/13 levels left

rFire   . . .        a - +10 morningstar of the Transmuting Genius {flame, *Rage rC+ Will+ Stlth+}
rCold   + . .        (no shield)
rNeg    . . .        (helmet restricted)
rPois   .            (no amulet)
rElec   .            (no ring)
rCorr   .            (no ring)
SInv    .            (no ring)
Will    +....        (no ring)
Stlth   ++++++       (no ring)
HPRegen 0.29/turn    (no ring)
MPRegen 0.13/turn    (no ring)
                     (no ring)

%: random rage (20%)
@: no status effects
A: almost no armour, amphibious, 8 rings, camouflage 1, gelatinous body 1,
(nimble swimmer 1), tentacles
a: Renounce Religion, Potion Petition, Call Merchant, Bribe Branch


You were on level 11 of the Dungeon.
You worshipped Gozag.
Gozag was aware of your devotion.
You visited 2 branches of the dungeon, and saw 11 of its levels.

You collected 723 gold pieces.
You spent 207 gold pieces at shops.
You paid 32 gold pieces to Gozag.

Inventory:

Hand Weapons
 a - the +10 morningstar of the Transmuting Genius (weapon) {flame, *Rage rC+ Will+ Stlth+}
   (You bought it in a shop on level 5 of the Dungeon)

   rC+:       It protects you from cold.
   Will+:     It increases your willpower.
   *Rage:     It berserks you when you make melee attacks (+20% chance).
   Stlth+:    It makes you more stealthy.
 b - a +3 dagger
 f - a +0 sling
   (You found it on level 4 of the Dungeon)
 j - a +0 broad axe
   (You found it on level 4 of the Dungeon)
 l - a +3 whip of flaming
   (You took it off a kobold on level 6 of the Dungeon)
 q - a +1 whip of electrocution
   (You took it off an orc on level 7 of the Dungeon)
Missiles
 d - 3 curare-tipped darts
 k - 36 poisoned darts
 m - 8 boomerangs
 s - 44 stones
Jewellery
 c - a ring of ice {rC+, rF-}
   (You found it on level 4 of the Dungeon)
Talismans
 h - a maw talisman
   (You found it on level 6 of the Dungeon)
 p - a beast talisman
   (You found it on level 7 of the Dungeon)
Wands
 i - a wand of iceblast (11)
   (You found it on level 6 of the Dungeon)
Scrolls
 o - 2 scrolls of enchant armour
 r - a scroll of torment {!r}
 D - a scroll of blinking {!r}
 E - a scroll of fear
Potions
 e - 3 potions of curing {unknown}
 g - a potion of haste {unknown}
 n - a potion of ambrosia {unknown}
 U - 4 potions of mutation {!q}


   Skills:
 + Level 4.7 Fighting
 - Level 2.0 Short Blades
 * Level 6.6 Maces & Flails
 - Level 2.0 Throwing
 + Level 4.3 Dodging
 - Level 9.4 Stealth
 - Level 2.6 Spellcasting
 - Level 2.8 Conjurations
 - Level 2.9 Fire Magic


You had 12 spell levels left.
You knew the following spells:

 Your Spells              Type           Power      Damage    Failure   Level
a - Foxfire               Conj/Fire      40%        2x1d6     6%          1

Your spell library contained the following spells:

 Spells                   Type           Power      Damage    Failure   Level
 Summon Ice Beast         Ice/Summ       1%         N/A       91%         4
 Summon Mana Viper        Hex/Summ       1%         N/A       99%         5
 Plasma Beam              Fire/Air       3%         2x1d13    100%        6
 Starburst                Conj/Fire      5%         6d4       100%        6
 Monstrous Menagerie      Summ           0%         N/A       100%        7


Dungeon Overview and Level Annotations

Branches:
Dungeon (11/15) Zot: 26802  Temple (1/1) D:5 Zot: 5998
   Lair: D:8-11         Orc: D:9-12

Altars:
Ashenzari
Cheibriados
Dithmenos
Fedhas
Gozag
Hepliaklqana
Kikubaaqudgha
Makhleb
Nemelex Xobeh
Okawaru
Ru
Sif Muna
Trog
Uskayaw
Vehumet
Wu Jian
Xom
Yredelemnul
Zin
The Shining One

Shops:
D:5 (   D:6 *

Annotations:
D:3 Sigmund
D:4 exclusion: upstairs
D:7 2 transporters


Innate Abilities, Weirdness & Mutations

You cannot wear most types of armour.
You are amphibious.
You can wear up to eight rings at the same time.
Your skin changes colour to match your surroundings (Stealth+).
Your rubbery body absorbs attacks. (AC +1, EV +1)
((You are camouflaged when in or above water. (Stealth+)))
You have tentacles for arms and can constrict up to eight enemies at once.


Message History

a +0 club; a +0 whip You recover from your berserk rage.
You see here a +0 leather armour.
You see here a +0 sling.
You open the door.
There is an open door here.
Partly explored, unvisited transporter.
There is an open door here.
There is a stone staircase leading down here.
You climb downwards.
There is a stone staircase leading up here.
i - a wand of iceblast (11) (gained 3 charges)
Found a stone staircase leading up.
g - an inky potion
There is a stone staircase leading up here.
A wyvern comes into view.
Found a stone staircase leading down.
The +10 morningstar of the Transmuting Genius {flame, *Rage rC+ Will+ Stlth+} stops flaming.
b - a +3 dagger (weapon)
The helpless wyvern fails to defend itself.
You perforate the wyvern like a sieve!!!
You kill the wyvern!
The +10 morningstar of the Transmuting Genius {flame, *Rage rC+ Will+ Stlth+} bursts into flame!
a - the +10 morningstar of the Transmuting Genius (weapon)
{flame, *Rage rC+ Will+ Stlth+} You now have 430 gold pieces (gained 12).
A bullfrog comes into view.
Found a stone staircase leading down.
The helpless bullfrog fails to defend itself.
You impale the bullfrog!! You burn the bullfrog.
You kill the bullfrog!
You now have 433 gold pieces (gained 3).
There is a stone staircase leading up here.
Found a stone staircase leading up.
A sky beast comes into view.
The +10 morningstar of the Transmuting Genius {flame, *Rage rC+ Will+ Stlth+} stops flaming.
b - a +3 dagger (weapon)
The helpless sky beast fails to defend itself.
You stick the sky beast like a pincushion!!!
You kill the sky beast!
The +10 morningstar of the Transmuting Genius {flame, *Rage rC+ Will+ Stlth+} bursts into flame!
a - the +10 morningstar of the Transmuting Genius (weapon)
{flame, *Rage rC+ Will+ Stlth+} You now have 455 gold pieces (gained 22).
An orc comes into view. It is wielding a +1 heavy hand axe.
You see here 9 gold pieces.
You see here 11 gold pieces.
The helpless orc fails to defend itself.
You impale the orc!! You burn the orc.
You kill the orc!
You now have 464 gold pieces (gained 9).
You see here a +1 heavy hand axe.
You now have 475 gold pieces (gained 11).
You now have 484 gold pieces (gained 9).
There is a stone staircase leading up here.
There is a stone staircase leading up here.
A malevolent force fills the Dungeon...
You fall into a shaft and drop 3 floors!
The shaft crumbles and collapses.
D - a scroll of blinking {!r}
Okay, then.
A troll comes into view.
Found a stone staircase leading up.
There is a stone staircase leading up here.
You climb upwards.
There is a stone staircase leading down here.
Found a glowing golden altar of the Shining One.
The centaur shouts!
Found a stone staircase leading up.
r - 2 scrolls labelled VECAEM LYNGI
There is a stone staircase leading down here.
As you read the scroll labelled VECAEM LYNGI, it crumbles to dust.
Your body is wracked with pain!
It was a scroll of torment.
You take 28 damage, and have 31/59 hp.
MASSIVE DAMAGE!!
You start resting.
Health restored: 59 You can't go up here!
You climb downwards.
There is a stone staircase leading up here.
There is a stone staircase leading up here.
Something barely misses you. Something hits you!
Deactivating autopickup; reactivate with Ctrl-A.
You take 8 damage, and have 51/59 hp.
Something hits you.
You take 6 damage, and have 45/59 hp.
Something hits you.
You take 3 damage, and have 42/59 hp.
Something hits you! x2
You take 19 damage, and have 24/59 hp.
MASSIVE DAMAGE!!
You swing at nothing.
You swing at nothing.
Something hits you.
You take 4 damage, and have 20/59 hp.
You swing at nothing.
Something hits you!
* * * LOW HITPOINT WARNING * * *
You take 11 damage, and have 9/59 hp.
You miss something. Something hits you!
You die...
Your body crumbles into a pile of gold.

## .# #. .# #. #
.## ## #.# ##. #@##
###.. ##.# ##...#
##..## #####...##
##....#####.....###
#...............#
##..............##
#......#####.....##
#.......# ####...#
#.......## ##..##


There were no monsters in sight!

Vanquished Creatures
  Prince Ribbit (D:7)
  2 wyverns
  Menkaure (D:7)
  An ice beast (D:6)
  A sky beast (D:8)
  An ogre (D:6)
  2 kobold brigands
  4 scorpions
  2 bullfrogs
  5 wights
  2 orc priests (D:7)
  4 hounds
  A jelly (D:5)
  Terence (D:3)
  A sleepcap (D:5)
  An orc wizard (D:7)
  A gnoll (D:5)
  9 adders
  A shadow imp (D:6)
  A white imp (D:5)
  2 ufetubi (D:6)
  3 dart slugs
  19 orcs
  10 ball pythons
  7 bats
  7 endoplasms
  3 giant cockroaches
  8 goblins
  5 hobgoblins
  2 jackals (D:4)
  16 kobolds
  7 quokkas
  5 frilled lizards
  4 rats
140 creatures vanquished.

Vanquished Creatures (others)
  A gnoll bouda (D:5)
  74 foxfires
75 creatures vanquished.

Grand Total: 215 creatures vanquished

Notes
Turn   | Place    | Note
-------+----------+-------------------------------------------
     0 | D:1      | sokol815 the Octopode Brigand began the quest for the Orb.
     0 | D:1      | Reached XP level 1. HP: 14/14 MP: 1/1
   118 | D:1      | Reached XP level 2. HP: 19/19 MP: 2/2
   150 | D:1      | Reached skill level 6 in Stealth
   461 | D:1      | Reached XP level 3. HP: 24/24 MP: 3/3
   980 | D:2      | Reached skill level 7 in Stealth
  1419 | D:3      | Noticed Terence
  1421 | D:3      | Killed Terence
  1422 | D:3      | Reached XP level 4. HP: 29/29 MP: 4/4
  1573 | D:3      | Reached skill level 8 in Stealth
  1976 | D:3      | Reached XP level 5. HP: 34/34 MP: 5/5
  2042 | D:3      | Noticed Sigmund
  2166 | D:4      | Learned a level 1 spell: Foxfire
  2274 | D:4      | Found an ancient bone altar of Kikubaaqudgha.
  2293 | D:4      | Reached skill level 1 in Conjurations
  2293 | D:4      | Reached skill level 1 in Fire Magic
  2383 | D:4      | Reached skill level 9 in Stealth
  2390 | D:4      | Reached skill level 1 in Spellcasting
  2635 | D:4      | Reached XP level 6. HP: 26/39 MP: 7/7
  2954 | D:4      | Found an opulent altar of Gozag.
  2955 | D:4      | Found a glowing silver altar of Zin.
  2960 | D:4      | Became a worshipper of Gozag Ym Sagoz the Greedy
  3111 | D:5      | Entered Level 5 of the Dungeon
  3111 | D:5      | Found a radiant altar of Vehumet.
  3305 | D:5      | Found Xysku's Antique Weapon Shoppe.
  3465 | D:5      | Noticed a gargoyle
  3624 | D:5      | Found a staircase to the Ecumenical Temple.
  3656 | Temple   | Entered the Ecumenical Temple
  3775 | D:5      | HP: 4/39 [gargoyle/stone arrow (26)]
  3913 | D:6      | Upgraded the game from 0.31-a0-920-g28cbb04a8c to
                  | 0.31-a0-925-g0a390f2509
  3961 | D:6      | Reached skill level 2 in Conjurations
  4045 | D:6      | Identified the +2 plate armour "Acesch" {rElec rF+ rC+
                  | Str-4}
  4060 | D:6      | Reached skill level 2 in Fire Magic
  4259 | D:6      | Reached skill level 2 in Spellcasting
  4259 | D:6      | Reached XP level 7. HP: 45/45 MP: 0/10
  4325 | D:5      | Bought a scorched morningstar for 207 gold pieces
  4325 | D:5      | Identified the +10 morningstar of the Transmuting Genius
                  | {flame, *Rage rC+ Will+ Stlth+} (You bought it in a shop on
                  | level 5 of the Dungeon)
  4356 | D:6      | Found Ymaniol's General Store.
  4364 | D:6      | Reached skill level 1 in Maces & Flails
  4419 | D:6      | Reached skill level 2 in Maces & Flails
  4509 | D:6      | Found a shadowy altar of Dithmenos.
  4725 | D:6      | Reached skill level 3 in Maces & Flails
  4725 | D:6      | Reached XP level 8. HP: 38/51 MP: 11/11
  5206 | D:7      | Noticed Menkaure
  5215 | D:7      | Killed Menkaure
  5216 | D:7      | Reached skill level 2 in Dodging
  5220 | D:7      | Found a transporter.
  5221 | D:7      | Noticed a yak
  5221 | D:7      | Noticed a cyclops
  5221 | D:7      | Noticed a troll
  5554 | D:7      | Noticed Prince Ribbit
  5606 | D:7      | Killed Prince Ribbit
  5607 | D:7      | Reached skill level 3 in Fighting
  5607 | D:7      | Reached skill level 4 in Maces & Flails
  5825 | D:7      | Reached skill level 3 in Dodging
  5825 | D:7      | Found a transporter.
  5840 | D:7      | HP: 8/48 [wight/+5 halberd (11)]
  6003 | D:7      | HP: 10/45 [wight/+4 long sword (6)]
  6006 | D:6      | Reached skill level 5 in Maces & Flails
  6350 | D:7      | Reached skill level 4 in Fighting
  6396 | D:7      | Found a snail-covered altar of Cheibriados.
  6400 | D:7      | Noticed a wyvern
  6408 | D:7      | Killed a wyvern
  6409 | D:7      | Reached skill level 6 in Maces & Flails
  6409 | D:7      | Reached XP level 9. HP: 59/59 MP: 9/12
  6584 | D:7      | Reached skill level 4 in Dodging
  7270 | D:8      | You fall into a shaft and drop 3 floors!
  7291 | D:11     | Noticed a troll
  7325 | D:10     | Entered Level 10 of the Dungeon
  7328 | D:10     | Found a glowing golden altar of the Shining One.
  7519 | D:11     | HP: 9/59 [something (11)]
  7520 | D:11     | Slain by an unseen horror

Illustrated notes

Levels and vault maps discovered:
D:1:      elethiomel_arrival_infinity_welcomes_careful_drivers,
          layout_loops_corners
D:2:      layout_basic, skrybe_limestone_x
D:3:      wad_lake_hut, layout_loops_corners, uniq_terence, uniq_sigmund
D:4:      layout_gridville, kiku_gazebo_garden_becter,
          grunt_temple_overflow_gold_and_silver, saegor_snake_ambush
D:5:      kennysheep_big_flooded_room, layout_cave_pools,
          overflow_temple_1_default, minmay_temple_entry_junction, serial_shops,
          shop
D:6:      layout_cave_pods, nicolae_dithmenos_through_a_glass_darkly,
          serial_shops, nicolae_shop_behind_doors
D:7:      layout_basic, gammafunk_temple_overflow_arena, uniq_prince_ribbit1,
          uniq_menkaure
D:8:      layout_layer_cave
D:10:     layout_basic, lemuel_doored_altar, nicolae_overflow_hidden_temple
D:11:     layout_cave_pods, uniq_snorg
Temple:   nicolae_temple_god_jail

Skill      XL: |  1  2  3  4  5  6  7  8  9 |
---------------+----------------------------+-----
Stealth        | 6 7 8 9 |  9.4
Conjurations   | 1 2 |  2.8
Fire Magic     | 1 2 |  2.9
Spellcasting   | 1 2 |  2.6
Maces & Flails | 3 6 |  6.6
Dodging        | 3 4 |  4.3
Fighting       | 4 |  4.7
Short Blades   | |  2.0
Throwing       | |  2.0

Action                     |  1- 3 |  4- 6 |  7- 9 || total
---------------------------+-------+-------+-------++-------
  Melee: Dagger            |    58 |    73 |     4 ||   135
         Constrict         |    10 |    12 |    13 ||    35
         Tentacles         |     5 |    15 |     9 ||    29
         Punch             |       |     1 |     3 ||     4
         Morningstar       |       |       |    72 ||    72
         Whip              |       |       |     4 ||     4
  Throw: Dart              |     1 |     3 |       ||     4
   Cast: Foxfire           |       |    36 |     3 ||    39
    Use: Scroll            |       |    12 |     4 ||    16
         Potion            |       |     1 |     1 ||     2
   Stab: Sleeping          |    22 |    17 |    10 ||    49
         Distracted        |       |     1 |     1 ||     2
 Armour: Skin              |    15 |    33 |    46 ||    94
  Dodge: Dodged            |    17 |    37 |    43 ||    97

Table legend: (Time is in decaauts)
 A = Elapsed time spent in this place.
 B = Non-inter-level travel time spent in this place.
 C = Inter-level travel time spent in this place.
 D = Time resting spent in this place.
 E = Time spent auto-exploring this place.
 F = Levels seen in this place.
 G = Mean time per level.
                   A        B        C        D        E       F      G
               +--------+--------+--------+--------+--------+-----+--------+
         Total |   7639 |   7360 |    279 |   1302 |   4348 |  11 |  694.5 |
       Dungeon |   7637 |   7358 |    279 |   1302 |   4348 |  10 |  763.7 |
        Temple |      1 |      1 |      0 |      0 |      0 |   1 |    1.0 |
               +--------+--------+--------+--------+--------+-----+--------+

Top non-repeatable levels by time:
     D:6: 1595 daAuts
     D:7: 1428 daAuts
     D:4: 1269 daAuts
     D:1: 960 daAuts
     D:3: 684 daAuts
     D:5: 633 daAuts
     D:8: 413 daAuts
     D:2: 402 daAuts
    D:11: 133 daAuts
    D:10: 116 daAuts
  Temple: 1 daAuts

Levels and vault maps discovered:
D:1:      elethiomel_arrival_infinity_welcomes_careful_drivers,
          layout_loops_corners
D:2:      layout_basic, skrybe_limestone_x
D:3:      wad_lake_hut, layout_loops_corners, uniq_terence, uniq_sigmund
D:4:      layout_gridville, kiku_gazebo_garden_becter,
          grunt_temple_overflow_gold_and_silver, saegor_snake_ambush
D:5:      kennysheep_big_flooded_room, layout_cave_pools,
          overflow_temple_1_default, minmay_temple_entry_junction, serial_shops,
          shop
D:6:      layout_cave_pods, nicolae_dithmenos_through_a_glass_darkly,
          serial_shops, nicolae_shop_behind_doors
D:7:      layout_basic, gammafunk_temple_overflow_arena, uniq_prince_ribbit1,
          uniq_menkaure
D:8:      layout_layer_cave
D:10:     layout_basic, lemuel_doored_altar, nicolae_overflow_hidden_temple
D:11:     layout_cave_pods, uniq_snorg
Temple:   nicolae_temple_god_jail

Table legend: (Time is in decaauts)
 A = Elapsed time spent in this place.
 B = Non-inter-level travel time spent in this place.
 C = Inter-level travel time spent in this place.
 D = Time resting spent in this place.
 E = Time spent auto-exploring this place.
 F = Levels seen in this place.
 G = Mean time per level.
                   A        B        C        D        E       F      G
               +--------+--------+--------+--------+--------+-----+--------+
         Total |   7639 |   7360 |    279 |   1302 |   4348 |  11 |  694.5 |
       Dungeon |   7637 |   7358 |    279 |   1302 |   4348 |  10 |  763.7 |
        Temple |      1 |      1 |      0 |      0 |      0 |   1 |    1.0 |
               +--------+--------+--------+--------+--------+-----+--------+

Top non-repeatable levels by time:
     D:6: 1595 daAuts
     D:7: 1428 daAuts
     D:4: 1269 daAuts
     D:1: 960 daAuts
     D:3: 684 daAuts
     D:5: 633 daAuts
     D:8: 413 daAuts
     D:2: 402 daAuts
    D:11: 133 daAuts
    D:10: 116 daAuts
  Temple: 1 daAuts

Table legend:
 A = Kills in this place as a percentage of kills in the entire game.
 B = Kills by you in this place as a percentage of kills by you in the entire game.
 C = Kills by friends in this place as a percentage of kills by friends in the entire game.
 D = Other kills in this place as a percentage of other kills in the entire game.
 E = Experience gained in this place as a percentage of experience gained in the entire game.
 F = Experience gained in this place divided by the number of levels of this place that you have seen.
                   A       B       C       D       E      F
               +-------+-------+-------+-------+-------+----------------------
         Total | 100.0 | 100.0 |   N/A |   N/A | 100.0 | 280.3
       Dungeon | 100.0 | 100.0 |   N/A |   N/A | 100.0 | 308.3
               +-------+-------+-------+-------+-------+----------------------
